 Dungeon Crawl Stone Soup version 0.32-a0-900-g30fb1b0edc (webtiles) character file.

Game seed: 12659682970072012587

493 Fractals the Trooper (level 6, -4/57 HPs)
             Began as a Mountain Dwarf Berserker on Apr 5, 2024.
             Was a Believer of Trog.
             Incinerated by a bombardier beetle (6 damage)
             ... with a burning spray
             ... on level 5 of the Dungeon.
             The game lasted 00:07:11 (3648 turns).

Fractals the Trooper (Mountain Dwarf Berserker)     Turns: 3648, Time: 00:07:12

Health: -4/57      AC: 11    Str: 19    XL:     6   Next: 92%
Magic:  6/6        EV:  7    Int:  8    God:    Trog [**....]
Gold:   199        SH:  4    Dex: 11    Spells: 5/5 levels left

rFire   . . .        a - +0 hand axe
rCold   + . .        g - +0 buckler
rNeg    . . .        h - +0 chain mail {rC+}
rPois   .            (no helmet)
rElec   .            m - +0 cloak
rCorr   .            n - +0 pair of gloves
SInv    .            (no boots)
Will    .....        (no amulet) Stlth
                     (no ring)
HPRegen 0.29/turn    (no ring)
MPRegen 0.10/turn

%: no passive effects
@: on fire, glowing
A: runic magic, artefact enchanting
a: Renounce Religion, Berserk, Trog's Hand


You were on level 5 of the Dungeon.
You worshipped Trog.
Trog was pleased with you.
You visited 1 branch of the dungeon, and saw 5 of its levels.

You collected 199 gold pieces.

Inventory:

Hand Weapons
 a - a +0 hand axe (weapon)
Armour
 g - a +0 buckler (worn)
 h - a +0 chain mail of cold resistance (worn)
 m - a +0 cloak (worn)
 n - a +0 pair of gloves (worn)
Wands
 c - a wand of roots (8)
Scrolls
 d - a scroll of teleportation {unknown}
 e - a scroll of immolation {unknown}
 o - a scroll of identify
Potions
 b - 3 potions of curing
 f - 2 potions of heal wounds
 i - a potion of brilliance {unknown}
 j - a potion of resistance {unknown}
 k - a potion of enlightenment {unknown}
 l - a potion of mutation {unknown}


   Skills:
 + Level 6.0 Fighting
 - Level 4.0 Axes
 + Level 3.5 Armour
 - Level 3.1 Dodging
 - Level 3.0 Shields


You had 5 spell levels left.
You didn't know any spells.
Your spell library was empty.

Dungeon Overview and Level Annotations

Branches:
Dungeon (5/15)
 Temple: D:4-7

Altars:
Gozag
Hepliaklqana
Kikubaaqudgha

Shops:
D:2 :   D:5 *

Annotations:
D:3 1 runed translucent door, Crazy Yiuf
D:4 3 runed translucent doors, Ikimono's ghost, novice CoAE


Innate Abilities, Weirdness & Mutations

Your spellcasting is much less encumbered by armour.
You can use scrolls of enchantment on lesser artefacts.


Message History

* * * LOW HITPOINT WARNING * * *
The bombardier beetle sprays incendiary fluid at you.
The burning spray hits you.
You are even more covered in liquid fire!
You barely miss the bombardier beetle.
The bombardier beetle is severely wounded.
The liquid fire burns you!
* * * LOW HITPOINT WARNING * * *
Unknown command.
You feel much better. The liquid fire burns you!
The bombardier beetle completely misses you.
You feel better. The liquid fire burns you!
The bombardier beetle bites you but does no damage.
You barely miss the bombardier beetle.
The bombardier beetle is severely wounded.
The liquid fire burns you!
You hit the bombardier beetle.
The bombardier beetle is almost dead.
The liquid fire burns you!
* * * LOW HITPOINT WARNING * * *
The bombardier beetle sprays incendiary fluid at you.
The burning spray hits you.
You are even more covered in liquid fire!
You hit the bombardier beetle but do no damage.
The bombardier beetle is almost dead.
The liquid fire burns you!
* * * LOW HITPOINT WARNING * * *
The bombardier beetle bites you but does no damage.
You slash the bombardier beetle!
You kill the bombardier beetle!
Trog accepts your kill. The liquid fire burns you!
* * * LOW HITPOINT WARNING * * *
Your Fighting skill increases to level 6!
Unknown command.
You shake off some of the fire as you move.
The liquid fire burns you!
You die...

.........#.#......### ..
...........##...∩...#...
.......h...##......##...
##....s#####..........##
##...## ##..........#
##'## #.......#..)
[........# ##..†...# ..
..#####.....##..<...# .
. .h.##...@.†.#
.###...........# #
#...####..... #...###
.##.. #... . . ##.. .
##.


There were no monsters in sight!

Vanquished Creatures
  A black bear (D:5)
  3 scorpions
  2 bombardier beetles (D:5)
  Jessica (D:3)
  Ijyb (D:3)
  Terence (D:2)
  4 adders
  2 dart slugs
  2 orcs (D:4)
  2 ball pythons
  5 bats
  5 endoplasms
  4 giant cockroaches
  A goblin (D:1)
  4 hobgoblins
  3 kobolds
  3 quokkas
  6 rats
50 creatures vanquished.

Notes
Turn   | Place    | Note
-------+----------+-------------------------------------------
     0 | D:1      | Fractals the Mountain Dwarf Berserker began the quest for
                  | the Orb.
     0 | D:1      | Reached XP level 1. HP: 19/19 MP: 1/1
   253 | D:1      | Reached XP level 2. HP: 26/26 MP: 2/2
   756 | D:2      | Noticed Terence
   786 | D:2      | Found Civvec's Book Shoppe.
   851 | D:2      | Killed Terence
   852 | D:2      | Reached skill level 1 in Shields
   852 | D:2      | Reached XP level 3. HP: 22/33 MP: 3/3
  1483 | D:2      | Reached skill level 4 in Fighting
  1675 | D:3      | Noticed Jessica
  1685 | D:3      | Killed Jessica
  1686 | D:3      | Reached XP level 4. HP: 38/40 MP: 4/4
  1757 | D:3      | Found a runed translucent door.
  1758 | D:3      | Noticed Crazy Yiuf
  1783 | D:3      | Noticed Ijyb
  1792 | D:3      | Killed Ijyb
  1849 | D:3      | Found an ancient bone altar of Kikubaaqudgha.
  2403 | D:4      | Reached XP level 5. HP: 39/47 MP: 5/5
  2798 | D:4      | Found a runed translucent gate.
  2798 | D:4      | Found a runed translucent gate.
  2798 | D:4      | Found a runed translucent gate.
  2807 | D:4      | Reached ** piety under Trog
  2871 | D:4      | Noticed an ice beast
  2958 | D:4      | Found an opulent altar of Gozag.
  3045 | D:4      | Found a hazy altar of Hepliaklqana.
  3219 | D:4      | Noticed Ikimono's ghost (novice CoAE)
  3256 | D:5      | Entered Level 5 of the Dungeon
  3256 | D:5      | Found Oklie's Lightly-Used Armoury.
  3280 | D:5      | Reached skill level 5 in Fighting
  3385 | D:5      | Noticed a black bear
  3413 | D:4      | Reached XP level 6. HP: 46/56 MP: 6/6
  3647 | D:5      | HP: 2/57 [burnt (5)]
  3648 | D:5      | Reached skill level 6 in Fighting
  3648 | D:5      | Incinerated by a bombardier beetle

Illustrated notes

Levels and vault maps discovered:
D:1:      matt_arrival_refuge, layout_loops_ring
D:2:      layout_loops_cross, serial_shops, nicolae_shop_tiny_glass,
          kennysheep_another_room, chequers_serial_rivers_micro_d, uniq_terence
D:3:      layout_loops_ring, kiku_gazebo_pond_becter, uniq_ijyb, uniq_jessica,
          uniq_crazy_yiuf_cottage
D:4:      layout_basic, kennysheep_mini_moat, worldfamousw_hep_ancestral_shrine,
          gammafunk_ghost_icy, minmay_misc_feat_diagonals
D:5:      minmay_octagon_keep, layout_cave_pools, minmay_shop_damaged,
          uniq_edmund, uniq_menkaure, uniq_pikel

Skill      XL: |  1  2  3  4  5  6 |
---------------+-------------------+-----
Axes           | 4 |  4.0
Shields        | 1 2 3 |  3.0
Dodging        | 2 3 |  3.1
Fighting       | 4 5 6 |  6.0
Armour         | 3 |  3.5

Action                     |  1- 3 |  4- 6 || total
---------------------------+-------+-------++-------
  Melee: Hand axe          |    98 |   180 ||   278
 Invoke: Berserk           |     1 |     2 ||     3
         Trog's Hand       |       |     1 ||     1
    Use: Scroll            |     1 |     2 ||     3
         Potion            |       |     4 ||     4
 Armour: Animal skin       |    22 |       ||    22
         Chain mail        |    35 |   169 ||   204
  Dodge: Dodged            |    49 |    68 ||   117
  Block: Buckler           |    12 |    28 ||    40

Table legend: (Time is in decaauts)
 A = Elapsed time spent in this place.
 B = Non-inter-level travel time spent in this place.
 C = Inter-level travel time spent in this place.
 D = Time resting spent in this place.
 E = Time spent auto-exploring this place.
 F = Levels seen in this place.
 G = Mean time per level.
                   A        B        C        D        E       F      G
               +--------+--------+--------+--------+--------+-----+--------+
         Total |   3713 |   3598 |    115 |    526 |   2285 |   5 |  742.6 |
       Dungeon |   3713 |   3598 |    115 |    526 |   2285 |   5 |  742.6 |
               +--------+--------+--------+--------+--------+-----+--------+

Top non-repeatable levels by time:
     D:4: 1011 daAuts
     D:2: 918 daAuts
     D:1: 774 daAuts
     D:3: 722 daAuts
     D:5: 286 daAuts
